 Dungeon Sprint DCSS version 0.22.1-1-ga44c0e56f4 (webtiles) character file.

1425 MuseOD the Covert (level 8, -2/47 HPs)
             Began as a Spriggan Enchanter on Sept 21, 2018.
             Was a Follower of Dithmenos.
             Slain by a hornet (13 damage)
             ... while paralysed by a hornet
             ... in the Dungeon (Sprint II: "The Violet Keep of Menkaure").
             The game lasted 00:01:20 (172 turns).

MuseOD the Covert (Spriggan Enchanter)               Turns: 172, Time: 00:01:21

Health: -2/47      AC:  2    Str:  4    XL:     8   Next: 44%
Magic:  13/13      EV:  4    Int: 19    God:    Dithmenos [*.....]
Gold:   729        SH:  0    Dex: 16    Spells: 3/12 levels left

rFire    . . .     SeeInvis +   a - +1 dagger
rCold    . . .     Gourm    .   (shield restricted)
rNeg     . . .     Faith    .   b - +0 robe
rPois    .         Spirit   .   (helmet restricted)
rElec    .         Reflect  .   (no cloak)
rCorr    .         Harm     .   (gloves unavailable)
MR       +....     NoTele   +   (boots unavailable)
Stlth    +++++++...             (no amulet)
HPRegen  0.15/turn              (no ring)
MPRegen  0.13/turn              (no ring)

@: paralysed, lethally poisoned (-2 -> -15), wreathed by umbra, very quick
A: very small, unfitting armour, see invisible, herbivore, speed 3, slow
metabolism 2
a: Renounce Religion


You were in the Dungeon.
You worshipped Dithmenos.
Dithmenos was aware of your devotion.
You were not hungry.

You visited 1 branch You collected 729 gold pieces.

Inventory:

Hand Weapons
 a - a +1 dagger (weapon)
Armour
 b - a +0 robe (worn)
Scrolls
 j - a scroll of blinking
Potions
 e - a potion of curing
 f - a potion of heal wounds
 g - a potion of haste
 h - a potion of magic
 i - a potion of berserk rage
Comestibles
 d - a ration


   Skills:
 + Level 7.9 Fighting
 * Level 14.0 Short Blades
 - Level 3.0 Dodging
 + Level 14.5 Stealth
 - Level 2.6 Spellcasting
 - Level 3.6 Hexes


You had 3 spell levels left.
You knew the following spells:

 Your Spells              Type           Power        Failure   Level  Hunger
a - Corona                Hex            ###....      3%          1    None
b - Ensorcelled Hibernat  Hex/Ice        #.....       12%         2    ##.....
c - Confuse               Hex            ###.....     11%         3    ###....
d - Tukima's Dance        Hex            ###.....     11%         3    ###....

Your spell library contained the following spells:

 Spells                   Type           Power        Failure   Level  Hunger
 Dazzling Spray           Conj/Hex       #.....       22%         3    ###....


Dungeon Overview and Level Annotations

Branches:
Dungeon (1/1)

Altars:
Cheibriados
Dithmenos
Elyvilon
Fedhas
Gozag
Hepliaklqana
Kikubaaqudgha
Makhleb
Nemelex Xobeh
Okawaru
Qazlal
Ru
Sif Muna
Trog
Uskayaw
Vehumet
Wu Jian
Xom
Yredelemnul
Zin
The Shining One
Beogh
Jiyva
Lugonu


Innate Abilities, Weirdness & Mutations

You are very small and have problems with some larger weapons.
You are too small for most types of armour.
You have supernaturally acute eyesight. (SInv)
You are a herbivore.
You cover ground extremely quickly.
You need to consume almost no food.


Message History

Dithmenos accepts your kill.
You are shrouded in an aura of darkness!
Your Short Blades skill increases to level 14!
Casting: Confuse (safe; 11% risk of failure)
Confirm with . or Enter, or press ? or * to list all spells.
Aiming: Confuse (safe; 11% risk of failure)
Press: ? - help, Shift-Dir - straight line, f - hornet
Aim: a hornet (umbra, chance to defeat MR: 37%)
The hornet resists with some effort.
The hornet barely misses you. Magic courses through your body.
The hornet stings you.
You are poisoned.
You suddenly lose the ability to move!
The hornet stings you!
You shrug off the repeated paralysis!
You feel sick.
The hornet stings you but does no damage.
You feel sick. The hornet stings you!
* * * LOW HITPOINT WARNING * * *
You are lethally poisoned!
You shrug off the repeated paralysis!
The hornet stings you!
You die...

.. +##.. #. #.##.####
+.### #†.# ...# ...#### .#
###..## #..##$# !!!
'###†##..# +..#.c#▓((($?
.##...#..# #..#††#▓(?()([
<.'##.'..####..##y#▓?!![$$
.##.###....###..@##▓▓▓▓▓▓▓
'###†##..§...≈≈≈≈≈≈≈≈≈≈≈≈≈
#.# ##≈≈..§..≈#'########+#
#†.#≈§≈≈≈§§..≈#....._..#≈§
#.##≈≈≈≈≈§≈≈.≈#...._._.#t§
+##≈≈≈≈≈§≈≈§§≈#..._._._#≈§
≈≈≈≈≈≈≈§≈§§≈≈#.._._._.#≈≈
+++#≈≈§≈§≈≈≈≈#._._._._#§≈
#≈≈≈###§§#_._._._.#≈≈


You could see a yaktaur and a hornet.

Vanquished Creatures
  A merfolk siren (D)
  3 polar bears (D)
  2 tyrant leeches (D)
  4 worker ants (D)
  3 worms (D)
13 creatures vanquished.

Vanquished Creatures (others)
  Menkaure (D)
1 creature vanquished.

Grand Total: 14 creatures vanquished

Notes
Turn   | Place    | Note
-------+----------+-------------------------------------------
     0 | D        | MuseOD the Spriggan Enchanter began the quest for the Orb.
     0 | D        | Reached XP level 1. HP: 9/9 MP: 5/5
     4 | D        | Reached skill level 5 in Stealth
     5 | D        | Reached skill level 1 in Fighting
    13 | D        | Reached XP level 2. HP: 14/14 MP: 6/6
    17 | D        | Learned a level 2 spell: Ensorcelled Hibernation
    24 | D        | Reached XP level 3. HP: 18/18 MP: 8/8
    25 | D        | Reached skill level 5 in Short Blades
    28 | D        | Reached XP level 4. HP: 20/24 MP: 4/9
    36 | D        | Killed Menkaure
    38 | D        | Learned a level 3 spell: Confuse
    77 | D        | Noticed a tyrant leech
    77 | D        | Noticed a tyrant leech
    80 | D        | Killed a tyrant leech
    80 | D        | Reached skill level 5 in Fighting
    80 | D        | Reached skill level 10 in Stealth
    80 | D        | Reached XP level 5. HP: 19/30 MP: 10/10
    80 | D        | Reached XP level 6. HP: 22/35 MP: 11/11
    83 | D        | Killed a tyrant leech
    90 | D        | Noticed a merfolk siren
    93 | D        | Killed a merfolk siren
    93 | D        | Reached XP level 7. HP: 27/42 MP: 12/12
   106 | D        | Learned a level 3 spell: Tukima's Dance
   111 | D        | Found a blossoming altar of Fedhas.
   112 | D        | Found a white marble altar of Elyvilon.
   113 | D        | Found a shadowy altar of Dithmenos.
   113 | D        | Found a corrupted altar of Lugonu.
   113 | D        | Found an opulent altar of Gozag.
   113 | D        | Found a burning altar of Makhleb.
   114 | D        | Found a snail-covered altar of Cheibriados.
   114 | D        | Found an ancient bone altar of Kikubaaqudgha.
   114 | D        | Found a bloodstained altar of Trog.
   115 | D        | Found a roughly hewn altar of Beogh.
   115 | D        | Found a viscous altar of Jiyva.
   115 | D        | Found a deep blue altar of Sif Muna.
   116 | D        | Found a hazy altar of Hepliaklqana.
   116 | D        | Found a sacrificial altar of Ru.
   117 | D        | Found a shimmering altar of Xom.
   118 | D        | Found a stormy altar of Qazlal.
   118 | D        | Found an ornate altar of the Wu Jian Council.
   118 | D        | Found a sparkling altar of Nemelex Xobeh.
   118 | D        | Found a hide-covered altar of Uskayaw.
   118 | D        | Found a basalt altar of Yredelemnul.
   118 | D        | Found a glowing golden altar of the Shining One.
   119 | D        | Found a radiant altar of Vehumet.
   119 | D        | Found an iron altar of Okawaru.
   119 | D        | Found a glowing silver altar of Zin.
   122 | D        | Became a worshipper of Dithmenos the Shadowed
   154 | D        | Noticed a yaktaur
   154 | D        | Noticed a hornet
   154 | D        | Noticed a polar bear
   155 | D        | Noticed a polar bear
   155 | D        | Noticed a polar bear
   156 | D        | Killed a polar bear
   156 | D        | Reached XP level 8. HP: 38/46 MP: 11/13
   157 | D        | Killed a polar bear
   168 | D        | Killed a polar bear
   168 | D        | Reached * piety under Dithmenos
   170 | D        | Paralysed by a hornet for 3 turns
   172 | D        | Slain by a hornet

Skill      XL: |  1  2  3  4  5  6  7  8 |
---------------+-------------------------+-----
Short Blades   | 3 4 6 9 12 13 14 | 14.0
Stealth        | 5 6 7 10 13 14 | 14.5
Fighting       | 1 2 3 5 7 |  7.9
Dodging        | |  3.0
Spellcasting   | |  2.6
Hexes          | |  3.6

Action                   |  1- 3 |  4- 6 |  7- 9 || total
-------------------------+-------+-------+-------++-------
Melee: Dagger            |     6 |     4 |     5 ||    15
 Cast: Ensorcelled Hiber |     1 |       |     1 ||     2
       Confuse           |       |       |     4 ||     4
  Use: Potion            |       |       |     1 ||     1
 Stab: Sleeping          |     6 |     4 |     2 ||    12
       Confused          |       |       |     1 ||     1
Armor: Robe              |       |       |     1 ||     1
Dodge: Dodged            |       |       |     8 ||     8
